 Dungeon Crawl Stone Soup version 0.22-a0-299-g43f9854 (webtiles) character file.

10365 Serpenta the Basher (level 11, -2/133 HPs)
             Began as a Gnoll Chaos Knight on Mar 25, 2018.
             Slain by a komodo dragon (14 damage)
             ... summoned by Xom
             ... on level 1 of the Lair of Beasts.
             The game lasted 00:36:35 (13300 turns).

Serpenta the Basher (Gnoll Chaos Knight)           Turns: 13300, Time: 00:36:35

Health: -2/133     AC: 25    Str: 15    XL:     11   Next: 61%
Magic:  20/20      EV:  2    Int: 13    God:    Xom [*.....]
Gold:   684        SH:  5    Dex: 15    Spells: 19/22 levels left

rFire    . . .     SeeInvis .   a - +4 morningstar
rCold    . . .     Gourm    .   y - +0 buckler
rNeg     + + +     Faith    .   (armour currently unavailable)
rPois    +         Spirit   .   (helmet currently unavailable)
rElec    .         Reflect  .   (cloak currently unavailable)
rCorr    .         Harm     .   (gloves currently unavailable)
MR       .....     NoTele   +   (boots currently unavailable)
Stlth    +++.......             (no amulet)
HPRegen  0.32/turn              q - ring of poison resistance
MPRegen  0.17/turn              n - +4 ring of evasion

@: tree-form, drained
A: distributed training, repulsion field 1, clumsy 1, dopey 1, strong nose
a: Renounce Religion


You were on level 1 of the Lair of Beasts.
You worshipped Xom.
You were a special plaything of Xom.
You were not hungry.
You were a tree.
You visited 2 branches of the dungeon, and saw 11 of its levels.
You also visited: Bailey.

You collected 684 gold pieces.


Innate Abilities, Weirdness & Mutations

Your experience applies equally to all skills.
((You have very sharp teeth.))
Your uncanny sense of smell can sniff out nearby items.
((You have sharp fingernails.))
((You have large cloven feet.))
You are surrounded by a mild repulsion field. (EV +2)
You are clumsy. (Dex -2)
((Your flesh is cold resistant. (rC+)))
You are dopey. (Int -2)
((Your movements are slightly less encumbered by armour. (ER -2)))


   Skills:
 + Level 9.2(8.7) Fighting
 + Level 6.3(5.8) Short Blades
 + Level 6.3(5.8) Long Blades
 + Level 6.3(5.8) Axes
 + Level 9.2(8.7) Maces & Flails
 + Level 6.3(5.8) Polearms
 + Level 6.3(5.8) Staves
 + Level 6.3(5.8) Slings
 + Level 6.3(5.8) Bows
 + Level 6.3(5.8) Crossbows
 + Level 6.3(5.8) Throwing
 + Level 7.9(7.4) Armour
 + Level 6.9(6.4) Dodging
 + Level 6.3(5.8) Stealth
 + Level 6.3(5.8) Shields
 + Level 6.3(5.8) Unarmed Combat
 + Level 6.3(5.8) Spellcasting
 + Level 5.2(4.8) Conjurations
 + Level 5.2(4.8) Hexes
 + Level 5.2(4.8) Charms
 + Level 5.2(4.8) Summonings
 + Level 5.2(4.8) Necromancy
 + Level 5.2(4.8) Translocations
 + Level 5.2(4.8) Transmutations
 + Level 5.2(4.8) Fire Magic
 + Level 5.2(4.8) Ice Magic
 + Level 5.2(4.8) Air Magic
 + Level 5.2(4.8) Earth Magic
 + Level 5.2(4.8) Poison Magic
 + Level 7.0(6.5) Invocations
 + Level 6.3(5.8) Evocations


You had 19 spell levels left.
You knew the following spells:

 Your Spells              Type           Power        Failure   Level  Hunger
A - Confuse               Hex            ###.....     7%          3    ###....

Action                   |  1- 3 |  4- 6 |  7- 9 | 10-12 || total
-------------------------+-------+-------+-------+-------++-------
Melee: Mace              |    70 |     4 |     2 |       ||    76
       Bite              |    12 |    14 |    44 |    56 ||   126
       Quarterstaff      |    52 |   122 |   175 |       ||   349
       Morningstar       |       |       |   166 |   504 ||   670
       Unarmed           |       |       |       |     2 ||     2
Throw: Tomahawk          |       |     1 |    17 |    31 ||    49
 Cast: Confuse           |       |       |       |     3 ||     3
Evoke: Wand              |       |       |     8 |     4 ||    12
  Use: Scroll            |     1 |     5 |     9 |     8 ||    23
       Potion            |       |       |     3 |    10 ||    13
 Stab: Sleeping          |     1 |     2 |     5 |     3 ||    11
       Paralysed         |       |     3 |       |       ||     3
       Distracted        |       |       |     1 |     1 ||     2
       Confused          |       |       |       |     4 ||     4
  Eat: Chunk             |     4 |     6 |     7 |    11 ||    28
       Ration            |       |       |     2 |     2 ||     4
Armor: Leather armour    |    40 |    28 |    46 |    70 ||   184
       Skin              |       |       |       |    21 ||    21
Dodge: Dodged            |    81 |   106 |   275 |   419 ||   881
Block: Buckler           |       |       |    29 |   152 ||   181

Inventory:

Hand Weapons
 a - a +4 morningstar (weapon)
 C - a +0 mace of chaos
 F - a +0 mace of distortion {!w}
Missiles
 k - 12 tomahawks (quivered)
 u - a throwing net
 H - 5 silver tomahawks
Armour
 b - a +2 leather armour (melded)
 v - a +0 leather armour of poison resistance
 y - a +0 buckler (worn)
 D - a +0 cloak (melded)
 E - a +0 plate armour
 G - a +1 pair of gloves (melded)
 L - a cursed +0 pair of boots (melded)
Jewellery
 f - an uncursed ring of positive energy
 h - an uncursed ring of protection from fire
 l - an uncursed ring of protection from cold
 n - a +4 ring of evasion (right branch)
 o - a +2 ring of strength
 p - an uncursed ring of fire
 q - a ring of poison resistance (left branch)
 s - an uncursed ring of protection from magic
Wands
 d - a wand of polymorph (15)
 A - a wand of digging (22)
Scrolls
 e - 3 scrolls of remove curse
 g - a scroll of amnesia
 r - a scroll of fog
 z - a scroll of immolation
 B - a scroll of identify
Potions
 i - a potion of magic
 m - 4 potions of curing
 t - 3 potions of flight
 I - 2 potions of brilliance
 K - 3 potions of ambrosia
Comestibles
 c - 24 rations
 x - 8 chunks of flesh {@w1}

##### ##..Y## ####
#P.Yl♣###..####
##..F##.##....##
##...YYlYY#.....###
#......YY.Y.......##
#........l.Y........#
#P..................##
###.....%...........P#
##................##
##.........#....#.#


You could see a komodo dragon, 3 yaks and a spiny frog.

Vanquished Creatures
  Pikel (D:8)
  A cyclops (D:8)
  Maurice (D:8)
  A rime drake (Lair:1)
  2 komodo dragons
  Prince Ribbit (D:7)
  5 blink frogs
  A hippogriff (D:10)
  A spriggan (D:10)
  9 yaks
  A wraith (D:10)
  A wyvern (D:8)
  Menkaure (D:6)
  A water moccasin (D:10)
  An acid dragon (D:8)
  A porcupine (Lair:1)
  A necrophage (D:5)
  A sky beast (D:9)
  4 slaves (D:8)
  11 orc warriors
  An ice beast (D:10)
  2 black bears
  3 ogres
  3 centaurs
  2 crocodiles
  A bullfrog (D:9)
  2 scorpions
  2 killer bees (D:10)
  7 wights
  4 jellies
  3 howler monkeys
  4 crimson imps
  A centaur zombie (D:7)
  4 hounds
  4 orc priests
  2 centaur skeletons
  3 iguanas
  9 orc wizards
  2 worker ants
  4 hound zombies
  A howler monkey zombie (D:7)
  6 gnolls
  5 adders
  2 shadow imps
  2 oozes
  An adder zombie (D:7)
  2 worms (D:3)
  A dart slug (D:10)
  3 leopard geckos
  63 orcs
  6 giant cockroaches
  2 goblins (D:3)
  6 hobgoblins
  13 jackals
  6 quokkas
  A ball python (D:1)
  6 bats
  5 frilled lizards
  A giant cockroach zombie (D:5)
  5 kobolds (D:1)
  A leopard gecko zombie (D:7)
  A quokka skeleton (D:5)
  11 rats
259 creatures vanquished.

Vanquished Creatures (collateral kills)
  A two-headed ogre (D:9)
  A wyvern (D:9)
  2 yaks (D:9)
  An ogre (D:9)
  A scorpion (D:9)
  A bullfrog zombie (D:5)
  2 orc priests
  4 gnolls (D:5)
  An adder (D:4)
  An orc (D:9)
  2 jackals (D:4)
17 creatures vanquished.

Vanquished Creatures (others)
  A wizard (D:4)
  3 yaks (D:9)
  An ogre (D:9)
  A crimson imp (D:6)
  A worker ant (D:5)
  An orc (D:3)
8 creatures vanquished.

Grand Total: 284 creatures vanquished

Vault maps used:
D:1:      dpeg_arrival_rhombus, serial_bayou_lake_a
D:2:      lemuel_round_altar, fiery_altar_vehumet,
          nicolae_overflow_hidden_temple, zin_statuary, minmay_misc_feat_iff
D:3:      nicolae_ru_the_path_less_chosen,
          chequers_temple_overflow_statue_of_worship, first_ration,
          kennysheep_big_empty_room, grunt_qazlal_clouds
D:4:      trog_wizard
D:5:      okawaru_ov_weapons_minmay, nicolae_dithmenos_the_darkroom,
          kennysheep_generic_room_5
D:6:      minmay_temple_entry_glassed_door, uniq_menkaure
D:7:      uniq_prince_ribbit1
D:8:      grunt_temple_overflow_opulence, lemuel_doored_altar, erik_lair_dragon,
          minmay_evil_grid, uniq_pikel, uniq_maurice
D:9:      kennysheep_mini_moat, minmay_orc_entry_temple_small, enter_bailey_2
D:10:     grunt_pizzeria
Lair:1:   basic_altar
Bailey:   bailey_polearm_2, bailey


Message History

You hit the komodo dragon but do no damage.
You puncture the yak!
You kill the yak!
The yak's corpse degenerates into a cloud of primal chaos!
You hit the spiny frog.
You feel sick. The spiny frog stings you!
* * * LOW HITPOINT WARNING * * *
You block the komodo dragon's attack.
You hit the komodo dragon but do no damage.
You sock the yak! You closely miss the spiny frog.
You feel sick.
The spiny frog stings you but does no damage.
The yak is engulfed in seething chaos.
The yak gores you.
* * * LOW HITPOINT WARNING * * *
The komodo dragon bites you!
* * * LOW HITPOINT WARNING * * *
You feel better.
Your cleaving frenzy subsides.
The spiny frog stings you!
* * * LOW HITPOINT WARNING * * *
The yak gores you but does no damage. The komodo dragon bites you!
You die...

Notes
Turn   | Place    | Note
-------+----------+-------------------------------------------
     0 | D:1      | Serpenta the Gnoll Chaos Knight began the quest for the Orb.
     0 | D:1      | Reached XP level 1. HP: 23/23 MP: 1/1
     7 | D:1      | XOM: harmless Air miscast
    80 | D:1      | Reached XP level 2. HP: 29/29 MP: 2/2
   340 | D:1      | XOM: divination: magic mapping
   496 | D:1      | XOM: divination: detect creatures
   567 | D:1      | Reached XP level 3. HP: 35/35 MP: 3/3
   656 | D:2      | XOM: harmless Tmut miscast
   672 | D:2      | Noticed a phantom
   676 | D:2      | XOM: silly message
   713 | D:2      | Found a deep blue altar of Sif Muna.
   990 | D:2      | XOM: divination: detect items
   996 | D:2      | XOM: silly message
  1000 | D:2      | XOM: mild Tmut miscast
  1183 | D:2      | Found a stormy altar of Qazlal.
  1213 | D:2      | XOM: scenery: 1 doors open
  1373 | D:2      | Found a radiant altar of Vehumet.
  1516 | D:2      | Found a glowing silver altar of Zin.
  1643 | D:3      | Reached skill level 1 in Invocations
  1751 | D:3      | XOM: harmless Ice miscast
  1886 | D:3      | XOM: god gift: 3 needles of sleeping {god gift}
  1934 | D:3      | Found a stormy altar of Qazlal.
  2023 | D:3      | XOM: 1-stop teleportation journey
  2111 | D:3      | XOM: divination: detect items
  2126 | D:3      | XOM: cast spell 'Ring of Flames'
  2126 | D:3      | Reached skill level 1 in Short Blades
  2126 | D:3      | Reached skill level 1 in Long Blades
  2126 | D:3      | Reached skill level 1 in Axes
  2126 | D:3      | Reached skill level 1 in Polearms
  2126 | D:3      | Reached skill level 1 in Staves
  2126 | D:3      | Reached skill level 1 in Slings
  2126 | D:3      | Reached skill level 1 in Bows
  2126 | D:3      | Reached skill level 1 in Crossbows
  2126 | D:3      | Reached skill level 1 in Throwing
  2126 | D:3      | Reached skill level 1 in Stealth
  2126 | D:3      | Reached skill level 1 in Shields
  2126 | D:3      | Reached skill level 1 in Unarmed Combat
  2126 | D:3      | Reached skill level 1 in Spellcasting
  2126 | D:3      | Reached skill level 1 in Evocations
  2162 | D:3      | Found a hazy altar of Hepliaklqana.
  2162 | D:3      | Found a bloodstained altar of Trog.
  2218 | D:3      | Reached XP level 4. HP: 41/41 MP: 5/5
  2352 | D:3      | Found a sacrificial altar of Ru.
  2663 | D:4      | XOM: mild Pois miscast
  2811 | D:4      | Reached skill level 1 in Conjurations
  2811 | D:4      | Reached skill level 1 in Hexes
  2811 | D:4      | Reached skill level 1 in Charms
  2811 | D:4      | Reached skill level 1 in Summonings
  2811 | D:4      | Reached skill level 1 in Necromancy
  2811 | D:4      | Reached skill level 1 in Translocations
  2811 | D:4      | Reached skill level 1 in Transmutations
  2811 | D:4      | Reached skill level 1 in Fire Magic
  2811 | D:4      | Reached skill level 1 in Ice Magic
  2811 | D:4      | Reached skill level 1 in Air Magic
  2811 | D:4      | Reached skill level 1 in Earth Magic
  2811 | D:4      | Reached skill level 1 in Poison Magic
  2847 | D:4      | XOM: summons friendly white imp
  2848 | D:4      | Reached XP level 5. HP: 30/47 MP: 6/6
  3326 | D:4      | Reached XP level 6. HP: 53/53 MP: 8/8
  3508 | D:4      | Found a bloodstained altar of Trog.
  3517 | D:4      | Noticed a wizard
  3519 | D:4      | Killed a wizard
  3633 | D:4      | XOM: cloud trail
  3739 | D:5      | Entered Level 5 of the Dungeon
  3753 | D:5      | Noticed a sky beast
  3818 | D:5      | XOM: divination: detect items
  3828 | D:5      | XOM: noise
  3849 | D:5      | Reached skill level 5 in Armour
  3917 | D:5      | XOM: god gift: ration {god gift}
  4040 | D:5      | Found a shadowy altar of Dithmenos.
  4072 | D:5      | Reached XP level 7. HP: 51/59 MP: 10/10
  4174 | D:5      | XOM: enchant monster (bad)
  4178 | D:5      | XOM: 5-stop teleportation journey
  4344 | D:5      | XOM: divine lightning
  4371 | D:5      | Found an iron altar of Okawaru.
  4584 | D:5      | XOM: give mutations
  4584 | D:5      | Gained mutation: Your flesh is cold resistant. (rC+) [Xom's grace]
  4584 | D:5      | Gained mutation: You are surrounded by a mild repulsion field. (EV +2) [Xom's grace]
  4584 | D:5      | Gained mutation: You are agile. (Dex +2) [Xom's grace]
  4584 | D:5      | Gained mutation: You expend magic power (3 MP) to strengthen your wands. [Xom's grace]
  4604 | D:5      | XOM: polymorph gnoll -> quokka
  4763 | D:5      | XOM: cleaving
  4876 | D:5      | XOM: scenery: create altars
  4904 | D:6      | XOM: stealth player
  4983 | D:6      | XOM: god gift: 32 gold pieces {god gift}
  4996 | D:6      | XOM: god gift: 5 rations {god gift}
  5069 | D:6      | XOM: divination: detect creatures
  5074 | D:6      | XOM: 3-stop teleportation journey
  5188 | D:6      | XOM: divine lightning
  5190 | D:6      | XOM: fog
  5198 | D:6      | Reached XP level 8. HP: 67/67 MP: 3/12
  5427 | D:6      | XOM: divination: detect creatures
  5497 | D:6      | Noticed Menkaure
  5497 | D:6      | XOM: blink monster(s)
  5827 | D:7      | Noticed Prince Ribbit
  5888 | D:6      | Found a staircase to the Ecumenical Temple.
  5931 | D:6      | XOM: mild Chrm miscast
  6098 | D:6      | XOM: polymorph ice beast -> black bear
  6329 | D:6      | Got a fine chain mail
  6340 | D:6      | Identified the +1 chain mail of the Elven Halls {+Fly rF- Int+6 SInv} (You found it on level 6 of the Dungeon)
  6533 | D:6      | XOM: medium Air miscast
  6582 | D:6      | Killed Menkaure
  6746 | D:7      | XOM: summons 4 hostile demons
  6907 | D:7      | Reached XP level 9. HP: 69/72 MP: 14/14
  7029 | D:7      | XOM: mild Conj miscast
  7069 | D:7      | XOM: summons friendly ufetubus
  7074 | D:7      | Killed Prince Ribbit
  7213 | D:7      | XOM: mild Fire miscast
  7361 | D:8      | Noticed Maurice
  7373 | D:8      | XOM: enchant monster (good)
  7400 | D:7      | XOM: swap monsters
  7464 | D:7      | XOM: god gift: 14 stones {god gift}
  7671 | D:8      | Reached skill level 5 in Dodging
  7874 | D:8      | XOM: summons 2 hostile shadow creatures
  7957 | D:8      | Noticed a komodo dragon
  7962 | D:8      | Noticed a cyclops
  7962 | D:8      | a komodo dragon changed into a cyclops
  7962 | D:8      | XOM: polymorph komodo dragon -> cyclops
  7967 | D:8      | Killed a cyclops
  7971 | D:8      | Reached skill level 5 in Invocations
  8003 | D:8      | XOM: mild Tmut miscast
  8012 | D:8      | Noticed a komodo dragon
  8137 | D:8      | XOM: mild Pois miscast
  8145 | D:8      | XOM: noise
  8147 | D:8      | XOM: confusion
  8156 | D:8      | Killed a komodo dragon
  8156 | D:8      | Reached XP level 10. HP: 65/80 MP: 15/17
  8173 | D:8      | XOM: harmless Ice miscast
  8315 | D:8      | Noticed a brown ugly thing
  8385 | D:8      | Found a staircase to the Lair.
  8455 | D:8      | XOM: mild Hex miscast
  8572 | D:8      | Found a glowing golden altar of the Shining One.
  8642 | D:8      | Killed Maurice
  8686 | D:8      | Found a sparkling altar of Nemelex Xobeh.
  8686 | D:8      | Found an opulent altar of Gozag.
  8686 | D:8      | Noticed Pikel
  8696 | D:8      | XOM: summons 1 hostile shadow creature
  8704 | D:8      | XOM: swap monsters
  8760 | D:8      | Killed Pikel
  8760 | D:8      | Reached skill level 5 in Short Blades
  8760 | D:8      | Reached skill level 5 in Long Blades
  8760 | D:8      | Reached skill level 5 in Axes
  8760 | D:8      | Reached skill level 5 in Polearms
  8760 | D:8      | Reached skill level 5 in Staves
  8760 | D:8      | Reached skill level 5 in Slings
  8760 | D:8      | Reached skill level 5 in Bows
  8760 | D:8      | Reached skill level 5 in Crossbows
  8760 | D:8      | Reached skill level 5 in Throwing
  8760 | D:8      | Reached skill level 5 in Stealth
  8760 | D:8      | Reached skill level 5 in Shields
  8760 | D:8      | Reached skill level 5 in Unarmed Combat
  8760 | D:8      | Reached skill level 5 in Spellcasting
  8760 | D:8      | Reached skill level 5 in Evocations
  8917 | D:9      | Found a flagged portal.
  8926 | Bailey   | Entered a bailey
 10290 | Bailey   | Lost mutation: You expend magic power (3 MP) to strengthen your wands. [potion of mutation]
 10290 | Bailey   | Lost mutation: You are agile. (Dex +2) [potion of mutation]
 10290 | Bailey   | Gained mutation: You are clumsy. (Dex -2) [potion of mutation]
 10290 | Bailey   | Gained mutation: You have sharp fingernails. [potion of mutation]
 10290 | Bailey   | Gained mutation: You have large cloven feet. [potion of mutation]
 10295 | Bailey   | Identified a scroll of acquirement
 10298 | Bailey   | Noticed an orc knight
 10299 | Bailey   | Found the +12 glaive of Prune {chop}
 10301 | D:9      | XOM: chaos upgrade
 10305 | D:9      | XOM: give mutations
 10305 | D:9      | Gained mutation: You are frail. (-10% HP) [Xom's mischief]
 10305 | D:9      | Gained mutation: You evolve. [Xom's mischief]
 10369 | D:8      | XOM: noise
 10627 | D:9      | XOM: 1-stop teleportation journey
 10628 | D:9      | Noticed a two-headed ogre
 10652 | D:9      | XOM: mild Pois miscast
 10658 | D:9      | Found a staircase to the Orcish Mines.
 10658 | D:9      | Found a roughly hewn altar of Beogh.
 10658 | D:9      | XOM: 5-stop teleportation journey
 10659 | D:9      | XOM: harmless Tmut miscast
 10663 | D:9      | XOM: chaos upgrade
 10667 | D:9      | XOM: confuse monster(s)
 10674 | D:9      | HP: 2/73 [orc priest/divine providence (14)]
 10683 | D:9      | XOM: summons friendly white imp
 10684 | D:9      | XOM: summons 10 friendly demons
 10692 | D:9      | Killed a two-headed ogre
 10947 | D:9      | XOM: cast spell 'Monstrous Menagerie'
 11002 | D:9      | Reached XP level 11. HP: 78/78 MP: 19/19
 11013 | D:9      | XOM: divine lightning
 11014 | D:9      | XOM: summons 5 friendly demons
 11161 | D:9      | Gained mutation: You are dopey. (Int -2) [evolution]
 11161 | D:9      | Lost mutation: You evolve. [end of evolution]
 11284 | D:9      | XOM: god gift: fizzy red potion {god gift}
 11302 | D:9      | Learned a level 3 spell: Confuse
 11333 | D:9      | XOM: scenery: 2 doors close
 11359 | D:9      | XOM: scenery: 1 doors close
 11436 | D:9      | Found a burning altar of Makhleb.
 11620 | D:10     | Entered Level 10 of the Dungeon
 11787 | D:10     | XOM: enchant monster (good)
 11802 | D:10     | XOM: polymorph killer bee -> centaur
 11820 | D:10     | XOM: summons 3 friendly demons
 11838 | D:10     | XOM: summons 3 hostile shadow creatures
 11862 | D:10     | Reached skill level 5 in Conjurations
 11862 | D:10     | Reached skill level 5 in Hexes
 11862 | D:10     | Reached skill level 5 in Charms
 11862 | D:10     | Reached skill level 5 in Summonings
 11862 | D:10     | Reached skill level 5 in Necromancy
 11862 | D:10     | Reached skill level 5 in Translocations
 11862 | D:10     | Reached skill level 5 in Transmutations
 11862 | D:10     | Reached skill level 5 in Fire Magic
 11862 | D:10     | Reached skill level 5 in Ice Magic
 11862 | D:10     | Reached skill level 5 in Air Magic
 11862 | D:10     | Reached skill level 5 in Earth Magic
 11862 | D:10     | Reached skill level 5 in Poison Magic
 12179 | D:10     | XOM: cast spell 'Shadow Creatures'
 12180 | D:10     | XOM: enchant monster (bad)
 12190 | D:10     | HP: 3/80 [meliai/divine providence (13)]
 12516 | D:8      | XOM: severe Tmut miscast
 12534 | D:8      | XOM: give mutation
 12534 | D:8      | Lost mutation: You are frail. (-10% HP) [Xom's mischief]
 12662 | Lair:1   | Entered Level 1 of the Lair of Beasts
 12698 | Lair:1   | XOM: scenery: create altars
 12924 | Lair:1   | XOM: smoke on damage
 12969 | D:8      | XOM: blink monster(s)
 12970 | D:8      | XOM: enchant monster (good)
 13003 | D:8      | XOM: give mutation
 13003 | D:8      | Gained mutation: Your movements are slightly less encumbered by armour. (ER -2) [Xom's grace]
 13152 | Lair:1   | XOM: severe Chrm miscast
 13152 | Lair:1   | Paralysed by the severe capriciousness of Xom for 7 turns
 13155 | Lair:1   | XOM: draining
 13242 | Lair:1   | XOM: cleaving
 13253 | Lair:1   | XOM: confuse monster(s)
 13277 | Lair:1   | XOM: summons 4 hostile shadow creatures
 13300 | Lair:1   | Slain by a komodo dragon
